 Dungeon Crawl Stone Soup version 0.23-a0-650-ga4d50d4 (webtiles) character file.

39 Borgoz the Sneak (level 3, -5/20 HPs)
             Began as a Kobold Enchanter on Jan 6, 2019.
             Slain by a kobold
             ... wielding a +4 short sword
              (9 damage)
             ... on level 2 of the Dungeon.
             The game lasted 00:03:45 (980 turns).

Borgoz the Sneak (Kobold Enchanter)                  Turns: 980, Time: 00:03:46

Health: -5/20      AC:  2    Str:  3 (5)  XL:     3   Next: 70%
Magic:  4/6        EV: 15    Int: 14 (16) God:
Gold:   32         SH:  0    Dex: 13 (16) Spells: 5/6 levels left

rFire    . . .     SeeInvis .   a - +1 dagger
rCold    . . .     Gourm    .   (shield restricted)
rNeg     . . .     Faith    .   b - +0 robe
rPois    .         Spirit   .   (no helmet)
rElec    .         Reflect  .   (no cloak)
rCorr    .         Harm     .   (no gloves)
MR       .....                  (no boots)
Stlth    +++.......             (no amulet)
HPRegen  0.06/turn              (no ring)
MPRegen  0.10/turn              (no ring)

@: no status effects
A: small, carnivore
a: no special abilities


You were on level 2 of the Dungeon.
You were completely stuffed.

You visited 1 branch of the dungeon, and saw 2 of its levels.

You collected 32 gold pieces.

Inventory:

Hand Weapons
 a - a +1 dagger (weapon)
Armour
 b - a +0 robe (worn)
Wands
 e - a wand of clouds (6)
Scrolls
 c - a scroll of blinking {unknown}
 g - 3 scrolls of magic mapping {unknown}
 h - 2 scrolls of identify {unknown}
Comestibles
 d - 2 rations
 f - 2 chunks of flesh


   Skills:
 + Level 0.8 Fighting
 * Level 2.5 Short Blades
 + Level 2.6 Dodging
 * Level 4.8 Stealth
 + Level 2.4 Spellcasting
 + Level 3.1 Hexes


You had 5 spell levels left.
You knew the following spells:

 Your Spells              Type           Power        Failure   Level  Hunger
a - Corona                Hex            ##.....      6%          1    #......

Your spell library contained the following spells:

 Spells                   Type           Power        Failure   Level  Hunger
 Ensorcelled Hibernation  Hex/Ice        #.....       19%         2    ###....
 Confuse                  Hex            ##......     19%         3    ###....
 Tukima's Dance           Hex            ##......     19%         3    ###....
 Dazzling Spray           Conj/Hex       #.....       34%         3    ###....


Dungeon Overview and Level Annotations

Branches:
Dungeon (2/15)

Altars:
Ashenzari


Innate Abilities, Weirdness & Mutations

You are small and have problems with some larger weapons.
You are carnivorous and can eat meat at any time.


Message History

The kobold misses you.
You closely miss the kobold. The kobold barely misses you.
You hit the kobold.
The kobold is moderately wounded.
The kobold hits you with a +4 short sword!
You barely miss the kobold.
The kobold is moderately wounded.
The kobold stops glowing.
The kobold hits you with a +4 short sword.
You are too injured to fight recklessly!
You are too injured to fight recklessly!
You are too injured to fight recklessly!
You hit the kobold but do no damage.
The kobold is moderately wounded.
The kobold hits you with a +4 short sword.
* * * LOW HITPOINT WARNING * * *
You closely miss the kobold.
The kobold is moderately wounded.
The kobold hits you with a +4 short sword!
You die...

. ###.###### ....#..... ..
........ .. #...... .###
#.....##..... ##....K.#.....
#....†@....# #.....(.##.##.#
#.%..###(..###.# # # .##
##.###..(((....#.#.# #
##...###.....#.###.#.#.#.# #
.#._.#...............#.#.# #
##...###......####.##....###
.## ###......##.##.......
###................


You could see a kobold.

Vanquished Creatures
  3 leopard geckos
  2 giant cockroaches (D:1)
  3 goblins
  4 hobgoblins (D:1)
  6 jackals (D:2)
  2 ball pythons
  6 bats
  4 frilled lizards
  2 kobolds
  2 rats (D:1)
34 creatures vanquished.

Notes
Turn   | Place    | Note
-------+----------+-------------------------------------------
     0 | D:1      | Borgoz the Kobold Enchanter began the quest for the Orb.
     0 | D:1      | Reached XP level 1. HP: 10/10 MP: 3/3
   119 | D:1      | Reached XP level 2. HP: 14/15 MP: 5/5
   344 | D:1      | Reached XP level 3. HP: 17/20 MP: 6/6
   631 | D:2      | HP: 1/20 [jackal (2)]
   960 | D:2      | Found a shattered altar of Ashenzari.
   980 | D:2      | Slain by a kobold

Vault maps used:
D:1:      psy_arrival_dodecagon, minivault_14, ebering_dispersal_statue_hall
D:2:      nicolae_ashenzari_panopticon, gammafunk_temple_overflow_elements

Skill      XL: |  1  2 |
---------------+-------+-----
Short Blades   | 2 |  2.5
Fighting       | |  0.8
Dodging        | |  2.6
Stealth        | |  4.8
Spellcasting   | |  2.4
Hexes          | |  3.1

Action                   || total
-------------------------++-------
Melee: Dagger            ||   115
 Cast: Corona            ||    12
  Use: Potion            ||     2
 Stab: Sleeping          ||    10
  Eat: Chunk             ||     9
Armor: Robe              ||    17
Dodge: Dodged            ||   117

Table legend:
 A = Non-vault XP
 B = Vault XP
 C = Vault XP percentage of total XP
 D = Non-vault monster count
 E = Vault monster count
 F = Vault count percentage of total count
                 A         B        C        D         E       F
            +---------+---------+-------+---------+---------+-------
      Total |      57 |       0 |   0.0 |      34 |       0 |   0.0
            +---------+---------+-------+---------+---------+-------
        D:1 |      34 |       0 |   0.0 |      20 |       0 |   0.0
        D:2 |      23 |       0 |   0.0 |      14 |       0 |   0.0
            +---------+---------+-------+---------+---------+-------
